 Dungeon Crawl Stone Soup version 0.23.1 (webtiles) character file.

Game seed: 10461193851368771218

33 Borgoz the Sneak (level 3, 0/27 (28) HPs)
             Began as a Ghoul Enchanter on Mar 3, 2019.
             Was an Initiate of Ashenzari.
             Slain by an adder (4 damage)
             ... on level 2 of the Dungeon.
             The game lasted 00:04:10 (1568 turns).

Borgoz the Sneak (Ghoul Enchanter)                  Turns: 1568, Time: 00:04:11

HP:   0/27 (28)     AC:  2    Str: 11    XL:     3   Next: 29%
MP:   4/4           EV: 12    Int: 10    God:    Ashenzari [......]
Gold: 104           SH:  0    Dex: 10    Spells: 4/5 levels left

rFire    . . .     SeeInvis .   r - +3 short sword
rCold    + . .     Gourm    .   (no shield)
rNeg     + + +     Faith    .   b - +0 robe
rPois    ∞         Spirit   .   (no helmet)
rElec    .         Reflect  .   (no cloak)
rCorr    .         Harm     .   (no gloves)
MR       .....                  (no boots)
Stlth    ++........             (no amulet)
HPRegen  0.00/turn              (no ring)
MPRegen  0.09/turn              (no ring)

@: rotting
A: rotting body, claws 1, carnivore, cold resistance 1, negative energy
resistance 3, inhibited regeneration, torment resistance, unbreathing
a: Curse Item, Renounce Religion


You were on level 2 of the Dungeon.
You worshipped Ashenzari.
Ashenzari was noncommittal.
You were not hungry.

You visited 1 branch of the dungeon, and saw 2 of its levels.

You collected 104 gold pieces.

Inventory:

Hand Weapons
 f - a +0 short sword
 r - a +3 short sword (weapon)
Missiles
 n - 24 poisoned needles
Armour
 b - a +0 robe (worn)
Jewellery
 m - an uncursed amulet of magic regeneration
Scrolls
 a - 2 scrolls of identify {unknown}
 g - 2 scrolls of remove curse
 h - a scroll of random uselessness {unknown}
 i - 3 scrolls of fear {unknown}
 j - a scroll of enchant weapon {unknown}
 k - a scroll of amnesia {unknown}
 q - a scroll of fog {unknown}
Potions
 c - a potion of might {unknown}
 e - a potion of berserk rage {unknown}
 o - a potion of lignification {unknown}
 p - a potion of flight {unknown}
Comestibles
 d - 5 rations


   Skills:
 + Level 1.1 Fighting
 * Level 1.6 Short Blades
 + Level 0.8 Armour
 * Level 2.3 Dodging
 - Level 3.2 Stealth
 - Level 1.7 Spellcasting
 - Level 2.4 Hexes


You had 4 spell levels left.
You knew the following spells:

 Your Spells              Type           Power        Failure   Level  Hunger
a - Corona                Hex            #......      12%         1    ##.....

Your spell library contained the following spells:

 Spells                   Type           Power        Failure   Level  Hunger
 Ensorcelled Hibernation  Hex/Ice        #.....       30%         2    ###....
 Confuse                  Hex            #.......     34%         3    ####...
 Tukima's Dance           Hex            #.......     34%         3    ####...
 Dazzling Spray           Conj/Hex       #.....       52%         3    ####...


Dungeon Overview and Level Annotations

Branches:
Dungeon (2/15)

Altars:
Ashenzari


Innate Abilities, Weirdness & Mutations

Your body is rotting away.
You thrive on raw meat.
You are immune to poison.
You have sharp fingernails.
You are carnivorous and can eat meat at any time.
Your flesh is cold resistant. (rC+)
You are immune to negative energy. (rN+++)
You do not regenerate when monsters are visible.
You are immune to unholy pain and torment.
You can survive without breathing.


Message History

You are too injured to fight recklessly!
You are too injured to fight recklessly!
You hit the adder.
The adder is severely wounded.
The adder bites you but does no damage.
You closely miss the adder.
The adder is severely wounded.
The adder bites you. The adder bites you but does no damage.
You miss the adder.
The adder is severely wounded.
The adder bites you.
* * * LOW HITPOINT WARNING * * *
You closely miss the adder.
The adder is severely wounded.
The adder bites you.
* * * LOW HITPOINT WARNING * * *
You hit the adder.
The adder is almost dead.
The adder bites you.
You die...

## #.. . #.# ..
#.# ... #.#
.... # #.#
.....
#.####.##......
#......@S......
####...##..####
#.### .# #.# #
#.# #.# #.# #.#
#.#


You could see an adder.

Vanquished Creatures
  A leopard gecko (D:1)
  A giant cockroach (D:1)
  3 goblins
  10 hobgoblins
  3 bats
  A frilled lizard (D:2)
  4 kobolds
  5 rats
28 creatures vanquished.

Notes
Turn   | Place    | Note
-------+----------+-------------------------------------------
     0 | D:1      | Borgoz the Ghoul Enchanter began the quest for the Orb.
     0 | D:1      | Reached XP level 1. HP: 14/14 MP: 2/2
   126 | D:1      | Reached skill level 1 in Short Blades
   357 | D:1      | Reached XP level 2. HP: 19/22 MP: 3/3
  1182 | D:2      | Reached skill level 1 in Fighting
  1192 | D:2      | Found a shattered altar of Ashenzari.
  1205 | D:2      | Reached XP level 3. HP: 27/28 MP: 4/4
  1214 | D:2      | Became a worshipper of Ashenzari the Shackled
  1568 | D:2      | Slain by an adder

Skill      XL: |  1  2 |
---------------+-------+-----
Short Blades   | 1 |  1.6
Dodging        | 2 |  2.3
Fighting       | 1 |  1.1
Armour         | |  0.8
Stealth        | |  3.2
Spellcasting   | |  1.7
Hexes          | |  2.4

Action                   || total
-------------------------++-------
Melee: Dagger            ||    67
       Short sword       ||    76
 Stab: Sleeping          ||     7
       Distracted        ||     1
  Eat: Chunk             ||    10
Armor: Robe              ||    28
Dodge: Dodged            ||    86
